 Dungeon Crawl Stone Soup version 0.17.0-28-g6e173f8 (webtiles) character file.

394 R18 the Bolt Thrower (level 6, -3/48 HPs)
             Began as a Centaur Hunter on Nov 30, 2015.
             Slain by an iguana (11 damage)
             ... on level 4 of the Dungeon.
             The game lasted 00:04:46 (3208 turns).

R18 the Bolt Thrower (Centaur Hunter)               Turns: 3208, Time: 00:04:46

Health: -3/48      AC:  4    Str: 14    XL:     6   Next: 51%
Magic:  6/6        EV:  9    Int: 10    God:
Gold:   272        SH:  0    Dex: 12    Spells: 0 memorised, 5 levels left

rFire  . . .     SeeInvis .     a - +1 hand crossbow
rCold  . . .     Clarity  .     c - +0 leather armour
rNeg   . . .     SustAt   .     (no shield)
rPois  .         Gourm    .     (no helmet)
rElec  .         Spirit   .     (no cloak)
rCorr  .         Warding  .     (no gloves)
rMut   .         Stasis   .     (no barding)
MR     .....                    (no amulet)
Stlth  ++........               (no ring)
                                m - ring of stealth

@: very quick, not resistant to hostile enchantments, unstealthy
A: hooves 3, deformed body, speed 2, tough skin 3
a: no special abilities


You were on level 4 of the Dungeon.
You were hungry.

You visited 1 branch of the dungeon, and saw 4 of its levels.

You collected 272 gold pieces.

Inventory:

Hand Weapons
 a - a +1 hand crossbow (weapon)
 b - a +0 glaive
 j - a +0 blowgun
 s - a +0 short sword
Missiles
 d - 11 bolts (quivered)
 p - 12 poisoned needles
Armour
 c - a +0 leather armour (worn)
Jewellery
 m - a ring of stealth (left hand)
 r - an uncursed amulet of stasis {unknown}
Wands
 u - a wand of flame (21)
 v - a wand of polymorph (11)
Scrolls
 k - a scroll of teleportation {unknown}
 l - a scroll of fear {unknown}
 o - 2 scrolls of amnesia {unknown}
 t - a scroll of enchant weapon {unknown}
 w - a scroll of enchant armour {unknown}
Potions
 f - a potion of curing
 h - a potion of mutation {unknown}
 i - a potion of ambrosia {unknown}
 q - 2 potions of agility {unknown}
 x - a potion of heal wounds {unknown}
 A - a potion of cancellation {unknown}
Comestibles
 e - 6 bread rations
 g - 6 meat rations
 n - 4 fruits


   Skills:
 - Level 2.0 Fighting
 + Level 2.5 Polearms
 * Level 7.5 Crossbows
 - Level 1.2 Armour
 - Level 1.5 Dodging
 - Level 0.5 Stealth


You had 5 spell levels left.
You didn't know any spells.

Dungeon Overview and Level Annotations

Branches:
Dungeon (4/15)
 Temple: D:4-7

Altars:
Elyvilon
Kikubaaqudgha
Makhleb
Xom


Innate Abilities, Weirdness & Mutations

You have hooves in place of feet.
Armour fits poorly on your strangely shaped body.
You cover ground very quickly.
You have extremely tough skin (AC +3).


Message History

Press: ? - help, Shift-Dir - straight line, f/p - iguana
Aim: an iguana (heavily wounded)
You shoot a bolt. The bolt hits the iguana.
The iguana is heavily wounded.
The iguana bites you but does no damage.
The iguana bites you!
* * * LOW HITPOINT WARNING * * *
Firing (i - inventory):
d - 13 bolts (quivered)
Press: ? - help, Shift-Dir - straight line, f/p - iguana
Aim: an iguana (heavily wounded)
You shoot a bolt. The bolt hits the iguana.
The iguana is severely wounded.
The iguana bites you but does no damage.
Firing (i - inventory):
d - 12 bolts (quivered)
Press: ? - help, Shift-Dir - straight line, f/p - iguana
Aim: an iguana (severely wounded)
You shoot a bolt. The bolt hits the iguana!
The iguana is almost dead.
The iguana bites you!
You die...

................##
.......)........#
########........# ##.......#
#.......# #.......#
###.......# .
########..>......##
....####.....l@..........##
...........#####..........##
........####
##..........#### ####..###
##......[......# ###
##........##....#
#...##...####...#
##..####..# ##..# ###..##
#..# #..# ##...## #.## #..#


You could see an iguana.

Vanquished Creatures
  A phantom (D:4)
  An ogre (D:4)
  A scorpion (D:4)
  A centaur skeleton (D:3)
  A giant frog skeleton (D:4)
  6 adders
  4 worms
  4 giant geckos
  6 orcs
  2 bats (D:2)
  2 giant cockroaches
  2 hobgoblins
  4 quokkas (D:3)
  3 giant newts
  5 goblins
  2 kobolds (D:3)
  7 rats
52 creatures vanquished.

Notes
Turn   | Place    | Note
--------------------------------------------------------------
     0 | D:1      | R18 the Centaur Hunter began the quest for the Orb.
     0 | D:1      | Reached XP level 1. HP: 17/17 MP: 1/1
   548 | D:2      | Reached XP level 2. HP: 24/24 MP: 2/2
   789 | D:2      | Found a faded altar to an unknown god.
   796 | D:2      | Reached skill level 5 in Crossbows
   866 | D:2      | Reached XP level 3. HP: 26/29 MP: 3/3
   950 | D:2      | Reached skill level 1 in Armour
  1151 | D:3      | Found a white marble altar of Elyvilon.
  1526 | D:3      | Reached XP level 4. HP: 36/36 MP: 4/4
  1794 | D:3      | Found an ancient bone altar of Kikubaaqudgha.
  1800 | D:3      | Found a burning altar of Makhleb.
  1870 | D:3      | Reached skill level 6 in Crossbows
  2005 | D:3      | Found a shimmering altar of Xom.
  2107 | D:3      | Reached skill level 1 in Polearms
  2341 | D:4      | Noticed a phantom
  2355 | D:4      | Reached XP level 5. HP: 33/41 MP: 5/5
  2398 | D:4      | Killed a phantom
  2718 | D:4      | Noticed an ogre
  2722 | D:4      | Killed an ogre
  2722 | D:4      | Reached skill level 7 in Crossbows
  2722 | D:4      | Reached XP level 6. HP: 39/48 MP: 6/6
  3208 | D:4      | Slain by an iguana

Action                   |  1- 3 |  4- 6 || total
-------------------------+-------+-------++-------
Melee: Short sword       |    77 |    10 ||    87
       Glaive            |       |    94 ||    94
 Fire: Hand crossbow     |    36 |    16 ||    52
  Use: Scroll            |     1 |       ||     1
       Potion            |       |     1 ||     1
 Stab: Sleeping          |       |     3 ||     3
  Eat: Chunk             |       |     5 ||     5
